 Dungeon Crawl Stone Soup version 0.25.1-2-g60ff931df9 (webtiles) character file.

Game seed: 9887552526117740589

10351 Joresh2 the Dealer of Despair (level 11, -26/74 HPs)
             Began as a Demonspawn Necromancer on Aug 31, 2020.
             Was an Elder of Kikubaaqudgha.
             Annihilated by Saint Roka
             ... wielding a +1 great mace
              (32 damage)
             ... on level 2 of the Orcish Mines.
             The game lasted 01:42:11 (15186 turns).

Joresh2 the Dealer of Despair (DsNe)               Turns: 15186, Time: 01:42:12

Health: -26/74     AC: 12    Str: 12    XL:     11   Next: 35%
Magic:  3/25       EV: 16    Int: 21    God:    Kikubaaqudgha [****..]
Gold:   355        SH:  0    Dex: 13    Spells: 15/30 levels left

rFire    . . .     SeeInvis +   j - +3 dagger (vamp)
rCold    + . .     Gourm    .   (no shield)
rNeg     . . .     Faith    .   q - +1 ring mail of the Black Moon {rPois Regen+ Str+4 SInv}
rPois    +         Spirit   .   t - +2 helmet
rElec    .         Reflect  .   p - +1 cloak
rCorr    .         Harm     .   (no gloves)
MR       .....                  (no boots)
Stlth    ++........             A - amulet of magic regeneration
HPRegen  0.62/turn              e - ring of protection from cold
MPRegen  0.44/turn              (no ring)

@: agile, hasted, very quick
A: powered by pain 2, spiny 2
a: Receive Corpses, Renounce Religion


You were on level 2 of the Orcish Mines.
You worshipped Kikubaaqudgha.
Kikubaaqudgha was greatly pleased with you.
You were not hungry.

You visited 2 branches of the dungeon, and saw 11 of its levels.
You also visited: Ossuary.

You collected 1037 gold pieces.
You spent 682 gold pieces at shops.

Inventory:

Hand Weapons
 j - a +3 vampiric dagger (weapon)
 C - a +1 flail of pain
 L - a +0 fustibalus
Missiles
 d - 309 stones (quivered)
 f - 183 sling bullets
 r - 7 atropa-tipped darts
 v - 16 poisoned darts
Armour
 a - a +0 robe
 p - a +1 cloak (worn)
 q - the +1 ring mail of the Black Moon (worn) {rPois Regen+ Str+4 SInv}
   (You found it on level 5 of the Dungeon)

   It affects your strength (+4).
   It protects you from poison.
   It lets you see invisible.
   It increases your rate of regeneration.
 t - a +2 helmet (worn)
 y - a cursed +0 chain mail
 E - the +1 robe "Bisudaom" {*Contam rF++ MP+9 Dex+3}
   (You found it on level 6 of the Dungeon)

   It affects your dexterity (+3).
   It greatly protects you from fire.
   It affects your magic capacity (+9).
   It causes magical contamination when unequipped.
Magical Staves
 N - an uncursed staff of fire
Jewellery
 e - a ring of protection from cold (left hand)
 A - an amulet of magic regeneration (around neck)
Wands
 B - a wand of clouds (8)
Scrolls
 h - 3 scrolls of remove curse
 m - 3 scrolls of enchant weapon
 w - 2 scrolls of teleportation
 x - a scroll of fear
 O - a scroll of magic mapping
Potions
 b - 4 potions of might
 g - 2 potions of brilliance
 i - 3 potions of stabbing
 l - a potion of invisibility {unknown}
 o - 4 potions of flight
 s - 5 potions of curing
 u - 4 potions of lignification
 z - a potion of heal wounds {unknown}
 D - a potion of berserk rage {unknown}
 G - a potion of mutation {unknown}
 H - 2 potions of magic
 I - 2 potions of resistance
 J - a potion of haste
Comestibles
 c - 18 rations


   Skills:
 + Level 2.6 Fighting
 + Level 2.5 Short Blades
 + Level 5.2 Armour
 + Level 3.1 Dodging
 + Level 3.3 Stealth
 + Level 10.3 Spellcasting
 + Level 4.4 Conjurations
 + Level 11.9 Necromancy
 + Level 1.4 Fire Magic


You had 15 spell levels left.
You knew the following spells:

 Your Spells              Type           Power        Failure   Level  Hunger
a - Pain                  Necr           ####         1%          1    None
b - Vampiric Draining     Necr           ######....   1%          3    None
c - Animate Skeleton      Necr           N/A          1%          1    None
d - Foxfire               Conj/Fire      ###.         3%          1    None
e - Agony                 Necr           ######..     2%          5    ####...
f - Dispel Undead         Necr           ######..     1%          4    ##.....

Your spell library contained the following spells:

 Spells                   Type           Power        Failure   Level  Hunger
 Sublimation of Blood     Necr           ######....   1%          2    None
 Animate Dead             Necr           N/A          1%          4    ##.....
 Conjure Flame            Conj/Fire      ###.....     12%         3    None
 Corona                   Hex            ##.....      13%         1    None
 Infusion                 Chrm           ##..         13%         1    None
 Death Channel            Necr           ######....   14%         6    ######.
 Dazzling Flash           Conj/Hex       ###...       16%         3    None
 Ensorcelled Hibernation  Hex/Ice        ##....       19%         2    None
 Shroud of Golubria       Chrm/Tloc      ##....       19%         2    None
 Song of Slaying          Chrm           ##......     19%         2    None
 Inner Flame              Hex/Fire       ##......     28%         3    None
 Excruciating Wounds      Chrm/Necr      #####.....   30%         5    ####...
 Confusing Touch          Hex            ##......     36%         3    None
 Ozocubu's Armour         Chrm/Ice       ##......     36%         3    None
 Spectral Weapon          Hex/Chrm       ##......     36%         3    None
 Tukima's Dance           Hex            ##......     36%         3    None
 Sticky Flame             Conj/Fire      ###.....     36%         4    ##.....
 Fireball                 Conj/Fire      ###.......   71%         5    ####...


Dungeon Overview and Level Annotations

Branches:
Dungeon (9/15)             Temple (0/1) D:7             Orc (2/2) D:9
    Elf (0/3) Orc:2       Ossuary (visited)
   Lair: D:8-11

Altars:
Ashenzari
Cheibriados
Gozag
Hepliaklqana
Kikubaaqudgha
Nemelex Xobeh
Okawaru
Qazlal
Ru
Sif Muna
The Shining One
Beogh

Shops:
D:9 :(   Orc:2 =

Annotations:
D:9 2 transporters, lllmatko's ghost, novice MiBe
Orc:2 Saint Roka


Innate Abilities, Weirdness & Mutations

You sometimes gain power by taking damage.
You are mostly covered in sharp spines.


Message History

Beogh smites you!
* * * LOW HITPOINT WARNING * * *
Casting: Vampiric Draining (safe; 1% risk of failure)
Confirm with . or Enter, or press ? or * to list all spells.
Aiming: Vampiric Draining (safe; 1% risk of failure)
Press: ? - help, Shift-Dir - straight line, f/p - Saint Roka
Aim: Saint Roka, wielding a +1 great mace and wearing a +2 plate armour of fire resistance (almost dead) Saint Roka is almost dead.
You feel life coursing into your body.
Saint Roka invokes the aid of Beogh against you.
Beogh smites you!
* * * LOW HITPOINT WARNING * * *
Unknown command.
Casting: Vampiric Draining (safe; 1% risk of failure)
Confirm with . or Enter, or press ? or * to list all spells.
You don't have enough magic to cast that spell.
You feel yourself speed up.
Saint Roka hits you with a +1 great mace!!
You die...
Kikubaaqudgha rasps: "You have failed me!
Welcome... death!"

##.......).....).....#######
#....#...........#.######.##
#.....#.........#...#.#....#
#..<......................##
##........[.............###
#.........<.[..........##
#.......................###
#........(...[............##
##.........@[.......##.....#
##.#.......o..[............#
#..........................)
##.......................[)#
##....)..........#........#
#..<.....#.#............##
##......#..............##
##........##.#......###
##........##.##....###


You could see Saint Roka.

Vanquished Creatures
  An orc high priest (Orc:2)
  4 orc knights (Orc:2)
  2 orc sorcerers
  2 trolls
  2 hippogriffs
  2 yaks (D:8)
  A human (D:8)
  A wyvern (D:8)
  2 hogs (D:8)
  A hungry ghost (D:9)
  Grum (D:9)
  A warg (Orc:2)
  A sky beast (D:8)
  A black bear (D:9)
  14 orc warriors
  2 phantoms
  A slave (D:7)
  An ice beast (D:8)
  2 ogres
  A centaur (D:8)
  2 wolves (D:9)
  The ghost of Toogi the Sneak, an amateur OpFE (D:3)
  6 bullfrogs
  A gnoll sergeant (D:8)
  A water moccasin zombie (Ossuary)
  A scorpion (D:6)
  3 killer bees (D:9)
  A howler monkey (D:4)
  3 crimson imps
  A jelly (D:8)
  4 hounds
  17 orc wizards
  13 orc priests
  4 iguanas
  9 worker ants
  4 big kobold zombies (Ossuary)
  A hound zombie (D:7)
  3 mummies
  2 hound skeletons
  10 adders
  18 gnolls
  A howler monkey skeleton (D:8)
  4 adder zombies (Ossuary)
  4 worms
  2 dart slugs (D:1)
  7 leopard geckos
  60 orcs
  10 bats
  4 giant cockroaches
  8 goblins
  9 hobgoblins
  15 jackals
  3 quokkas
  9 frilled lizards
  3 gnoll zombies (Ossuary)
  6 hobgoblin zombies
  17 kobolds
  3 kobold zombies
  4 orc zombies (Ossuary)
  A quokka skeleton (D:4)
  7 rats
325 creatures vanquished.

Vanquished Creatures (collateral kills)
  An orc warrior (Orc:2)
1 creature vanquished.

Vanquished Creatures (others)
  67 foxfires
67 creatures vanquished.

Grand Total: 393 creatures vanquished

Notes
Turn   | Place    | Note
-------+----------+-------------------------------------------
     0 | D:1      | Joresh2 the Demonspawn Necromancer began the quest for the
                  | Orb.
     0 | D:1      | Reached XP level 1. HP: 13/13 MP: 3/3
   243 | D:1      | Gained mutation: You sometimes gain a little power by
                  | taking damage. [demonic ancestry]
   243 | D:1      | Reached XP level 2. HP: 17/19 MP: 0/5
   566 | D:1      | Reached skill level 5 in Necromancy
   913 | D:1      | Found a snail-covered altar of Cheibriados.
  1086 | D:1      | Reached XP level 3. HP: 23/24 MP: 3/6
  1508 | D:1      | Learned a level 3 spell: Vampiric Draining
  1510 | D:1      | Learned a level 1 spell: Animate Skeleton
  1961 | D:2      | Gained mutation: You are partially covered in sharp spines.
                  | [demonic ancestry]
  1961 | D:2      | Reached XP level 4. HP: 24/30 MP: 4/8
  2918 | D:3      | Found a runed translucent gate.
  2919 | D:3      | Found a runed translucent gate.
  2919 | D:3      | Found a runed translucent gate.
  2923 | D:3      | Found an opulent altar of Gozag.
  2924 | D:3      | Noticed Toogi's ghost (amateur OpFE)
  3394 | D:3      | Gained mutation: You are mostly covered in sharp spines.
                  | [demonic ancestry]
  3394 | D:3      | Reached XP level 5. HP: 35/36 MP: 6/9
  3624 | D:3      | Found a shimmering blue altar of Sif Muna.
  3950 | D:4      | Reached skill level 6 in Necromancy
  4174 | D:4      | Gained mutation: You sometimes gain power by taking damage.
                  | [demonic ancestry]
  4174 | D:4      | Reached XP level 6. HP: 15/42 MP: 6/12
  5865 | D:5      | Entered Level 5 of the Dungeon
  5881 | D:5      | Found a hazy altar of Hepliaklqana.
  5932 | D:5      | Got an emerald-encrusted ring mail
  6231 | D:5      | Reached XP level 7. HP: 34/47 MP: 9/14
  6433 | D:4      | Identified the cursed +1 ring mail of the Black Moon {rPois
                  | Regen+ Str+4 SInv} (You found it on level 5 of the Dungeon)
  6517 | D:5      | Found an iron altar of Okawaru.
  6541 | D:5      | Reached skill level 5 in Spellcasting
  6606 | D:5      | Reached skill level 7 in Necromancy
  6632 | D:5      | Reached skill level 1 in Fighting
  6873 | D:5      | Found a glowing golden altar of the Shining One.
  7292 | D:6      | Reached skill level 1 in Short Blades
  7500 | D:6      | Reached XP level 8. HP: 31/54 MP: 13/16
  7502 | D:6      | Reached skill level 1 in Armour
  7567 | D:6      | Reached skill level 8 in Necromancy
  7612 | D:6      | Found a sparkling altar of Nemelex Xobeh.
  7645 | D:6      | Found a snail-covered altar of Cheibriados.
  7645 | D:6      | Found an ancient bone altar of Kikubaaqudgha.
  7649 | D:6      | Became a worshipper of Kikubaaqudgha
  7948 | D:6      | Got a brightly glowing robe
  7959 | D:6      | Identified the +1 robe "Bisudaom" {*Contam rF++ MP+9 Dex+3}
                  | (You found it on level 6 of the Dungeon)
  8555 | D:7      | Noticed a hippogriff
  8632 | D:7      | Learned a level 1 spell: Foxfire
  8785 | D:7      | Killed a hippogriff
  8946 | D:7      | Reached skill level 1 in Fire Magic
  9044 | D:7      | Found a staircase to the Ecumenical Temple.
  9223 | D:7      | Reached skill level 1 in Conjurations
  9271 | D:7      | Found a sacrificial altar of Ru.
  9689 | D:8      | Found a sand-covered staircase.
  9765 | D:8      | Reached XP level 9. HP: 24/59 MP: 5/19
  9788 | D:8      | Reached skill level 9 in Necromancy
  9798 | D:8      | Reached * piety under Kikubaaqudgha
  9798 | D:8      | Identified Kikubaaqudgha's Compendium of Darkness
                  | (Kikubaaqudgha gifted it to you on level 8 of the Dungeon)
  9798 | D:8      | Received a gift from Kikubaaqudgha
  9828 | Ossuary  | Entered an ossuary
 10786 | D:8      | Reached ** piety under Kikubaaqudgha
 11381 | D:3      | Killed Toogi's ghost
 11655 | D:9      | Found a shattered altar of Ashenzari.
 11764 | D:9      | Noticed a troll
 11795 | D:9      | Killed a troll
 11795 | D:9      | Reached XP level 10. HP: 54/67 MP: 8/21
 12197 | D:9      | Found a staircase to the Orcish Mines.
 12207 | D:9      | Found Veizupe's Book Boutique.
 12227 | D:9      | Noticed lllmatko's ghost (novice MiBe)
 12228 | D:9      | Found a transporter.
 12232 | D:9      | Found a transporter.
 12356 | D:9      | Found Seod's Antique Weapon Emporium.
 12359 | D:9      | Bought a polished spear for 232 gold pieces
 12359 | D:9      | Identified the cursed +0 spear of Wariness {drain, rF+ rC+
                  | Str+8 Int-3} (You bought it in a shop on level 9 of the
                  | Dungeon)
 12417 | D:9      | Noticed Grum
 12437 | D:9      | Killed Grum
 12605 | D:9      | Found a stormy altar of Qazlal.
 12788 | D:9      | Learned a level 5 spell: Agony
 12938 | Orc:1    | Entered Level 1 of the Orcish Mines
 13290 | Orc:2    | Entered Level 2 of the Orcish Mines
 13295 | Orc:2    | Reached skill level 10 in Necromancy
 13672 | Orc:2    | Noticed an orc sorcerer
 13679 | Orc:2    | Noticed an orc sorcerer
 13680 | Orc:2    | Killed an orc sorcerer
 13692 | Orc:2    | Noticed a rust devil
 13692 | Orc:2    | Paralysed by an orc sorcerer for 2 turns
 13700 | Orc:2    | Noticed an orange demon
 13858 | Orc:1    | Paralysed by an orc sorcerer for 2 turns
 13860 | Orc:1    | Killed an orc sorcerer
 13860 | Orc:1    | Reached skill level 5 in Armour
 13941 | Orc:2    | Reached *** piety under Kikubaaqudgha
 13941 | Orc:2    | Identified Kikubaaqudgha's Almanac of Evil (Kikubaaqudgha
                  | gifted it to you on level 2 of the Orcish Mines)
 13941 | Orc:2    | Received a gift from Kikubaaqudgha
 13959 | Orc:2    | Learned a level 4 spell: Dispel Undead
 14021 | Orc:2    | Found Icunir's Jewellery Shoppe.
 14026 | Orc:2    | Bought an uncursed amulet of magic regeneration for 450
                  | gold pieces
 14083 | Orc:2    | Noticed an orc knight
 14100 | Orc:2    | Killed an orc knight
 14217 | Orc:2    | Reached skill level 11 in Necromancy
 14220 | Orc:2    | Noticed an orc knight
 14354 | Orc:2    | Noticed an orc knight
 14429 | Orc:2    | Killed an orc knight
 14429 | Orc:2    | Reached XP level 11. HP: 65/73 MP: 15/24
 14546 | Orc:2    | Noticed an orc high priest
 14555 | Orc:2    | Killed an orc high priest
 14600 | Orc:2    | Reached skill level 10 in Spellcasting
 14659 | Orc:2    | Found a staircase to the Elven Halls.
 14717 | Orc:2    | Killed an orc knight
 14799 | Orc:2    | Found a roughly hewn altar of Beogh.
 14810 | Orc:2    | Reached **** piety under Kikubaaqudgha
 14910 | Orc:2    | Noticed an orc knight
 14934 | Orc:2    | Killed an orc knight
 15079 | Orc:2    | Noticed Saint Roka
 15186 | Orc:2    | Annihilated by Saint Roka

Illustrated notes

Levels and vault maps discovered:
D:1:      lordsloth_arrival_two_stooges, layout_basic, cheibriados_altar_1
D:2:      layout_basic
D:3:      layout_loops_ring, lemuel_coloured_pillars_altar, ebering_ghost_gozag,
          serial_glass, glass_columns_a, glass_columns_b, first_ration
D:4:      layout_basic
D:5:      layout_loops_ring, overflow_temple_1_default,
          nicolae_tso_swordbearing_angel, kennysheep_little_box
D:6:      layout_basic, nemelex_xobeh_ov_fountains_minmay,
          gammafunk_temple_overflow_wave, minmay_hedge_maze
D:7:      layout_gridville, kennysheep_mini,
          minmay_temple_entry_drinking_statues, kennysheep_generic_room_7,
          uniq_pikel
D:8:      layout_gridville, nicolae_ossuary_entry_giza, grunt_livestock,
          minivault_22
D:9:      layout_roguey, lemuel_round_altar, orc_0_dummy, serial_shops,
          kennysheep_mini_moat, shop, gammafunk_ghost_hive,
          evilmike_ruin_ashenzari, uniq_grum
Orc:1:    layout_caves
Orc:2:    grunt_orc_cross, layout_caves, serial_shops, nicolae_shop_behind_doors

Skill      XL: |  1  2  3  4  5  6  7  8  9 10 11 |
---------------+----------------------------------+-----
Necromancy     | 5 6 7 8 9 11 | 11.9
Stealth        | 2 3 |  3.3
Spellcasting   | 3 4 5 6 7 9 10 | 10.3
Dodging        | 2 3 |  3.1
Fighting       | 1 2 |  2.6
Short Blades   | 1 2 |  2.5
Armour         | 2 4 5 |  5.2
Fire Magic     | 1 |  1.4
Conjurations   | 1 3 4 |  4.4

Action                   |  1- 3 |  4- 6 |  7- 9 | 10-12 || total
-------------------------+-------+-------+-------+-------++-------
Melee: Short sword       |    10 |       |       |       ||    10
       Dagger            |    13 |    34 |   164 |    23 ||   234
       Flail             |       |       |       |     5 ||     5
 Cast: Pain              |    79 |   120 |   151 |   165 ||   515
       Vampiric Draining |       |     7 |    39 |    82 ||   128
       Foxfire           |       |       |    36 |     2 ||    38
       Animate Skeleton  |       |       |     2 |     5 ||     7
       Agony             |       |       |       |    15 ||    15
  Use: Scroll            |       |     6 |     5 |    13 ||    24
       Potion            |       |       |       |     1 ||     1
 Stab: Sleeping          |       |     1 |     3 |       ||     4
  Eat: Chunk             |     4 |    13 |    17 |    12 ||    46
       Ration            |       |       |     1 |       ||     1
Armor: Robe              |    12 |     2 |       |       ||    14
       Ring mail         |       |       |    84 |    42 ||   126
Dodge: Dodged            |    38 |    25 |   174 |    74 ||   311
